 Dungeon Crawl Stone Soup version 0.20.1-1-g8b1a95d (webtiles) character file.

89 ReignOfFire the Slasher (level 4, -2/34 HPs)
             Began as a Demonspawn Gladiator on July 25, 2017.
             Slain by a worker ant (3 damage)
             ... on level 4 of the Dungeon.
             The game lasted 00:02:38 (2033 turns).

ReignOfFire the Slasher (Demonspawn Gladiator)      Turns: 2033, Time: 00:02:39

Health: -2/34      AC:  6    Str: 13 (14) XL:     4   Next: 31%
Magic:  4/4        EV: 12    Int:  6 (9)  God:
Gold:   102        SH:  0    Dex: 13 (16) Spells: 3/3 levels left

rFire    . . .     SeeInvis .   a - +0 long sword
rCold    . . .     Gourm    .   (no shield)
rNeg     . . .     Faith    .   l - +0 ring mail (curse)
rPois    .         Spirit   .   c - +0 helmet
rElec    .         Reflect  .   (no cloak)
rCorr    .         Harm     .   (no gloves)
MR       .....                  (no boots)
Stlth    +.........             (no amulet)
Regen    0.2/turn               (no ring)
MPRegen  0.1/turn               (no ring)

@: lethally poisoned (-2 -> -6), flying
A: powered by death 2, sturdy frame 1
a: no special abilities


You were on level 4 of the Dungeon.
You were not hungry.

You visited 1 branch of the dungeon, and saw 4 of its levels.

You collected 102 gold pieces.

Inventory:

Hand Weapons
 a - a +0 long sword (weapon)
Missiles
 d - 2 throwing nets (quivered)
Armour
 b - a +0 leather armour
 c - a +0 helmet (worn)
 l - a cursed +0 ring mail (worn)
Jewellery
 j - an uncursed ring of fire {unknown}
Scrolls
 h - a scroll of enchant weapon {unknown}
 k - 2 scrolls of enchant armour {unknown}
 m - a scroll of remove curse {unknown}
 n - a scroll of teleportation {unknown}
 p - a scroll of amnesia {unknown}
Potions
 e - a potion of flight
 g - a potion of degeneration
 o - a potion of magic {unknown}
 q - a potion of agility {unknown}
Comestibles
 f - a bread ration
 i - 2 meat rations


   Skills:
 + Level 2.4 Fighting
 + Level 3.5 Long Blades
 + Level 1.9 Throwing
 + Level 1.3 Armour
 + Level 3.3 Dodging
 + Level 0.2 Stealth


You had 3 spell levels left.
You didn't know any spells.

Dungeon Overview and Level Annotations

Branches:
Dungeon (4/15)
 Temple: D:4-7

Altars:
Fedhas

Annotations:
D:3 Grinder


Innate Abilities, Weirdness & Mutations

You regenerate health from kills.
Your movements are slightly less encumbered by armour. (ER -2)


Message History

You are poisoned.
The worker ant poisons you!
You feel sick.
Unknown command.
You feel sick. The worker ant bites you.
* * * LOW HITPOINT WARNING * * *
The worker ant waves its antennae.
Found a stone staircase leading down.
It was a potion of flight.
You feel very buoyant.
You fly up into the air.
* * * LOW HITPOINT WARNING * * *
You feel sick. The worker ant bites you.
* * * LOW HITPOINT WARNING * * *
It was a potion of degeneration.
There was something very wrong with that liquid.
You feel weakened.
You feel dopey.
You feel clumsy. The worker ant bites you.
You die...

#.. #....#
#... #....##
##...##.....#
#...........+
#...........#
....##....##
# #o..<##..
##a..........
+@a..........
#............
#...(........
##....##.....
#....# .....
.....# ...##
.....# ...>.


You could see 2 worker ants and an orc.

Vanquished Creatures
  4 adders
  A worm (D:2)
  2 dart slugs (D:1)
  A leopard gecko (D:1)
  An orc (D:3)
  4 bats
  2 giant cockroaches
  7 goblins
  5 hobgoblins
  2 jackals (D:2)
  6 kobolds
  2 quokkas (D:2)
  A ball python (D:3)
  A frilled lizard (D:1)
  3 rats (D:1)
42 creatures vanquished.

Notes
Turn   | Place    | Note
-------+----------+-------------------------------------------
     0 | D:1      | ReignOfFire the Demonspawn Gladiator began the quest for the Orb.
     0 | D:1      | Reached XP level 1. HP: 16/16 MP: 1/1
   256 | D:1      | Gained mutation: Your movements are slightly less encumbered by armour. (ER -2) [demonic ancestry]
   256 | D:1      | Reached XP level 2. HP: 20/22 MP: 2/2
   799 | D:2      | Gained mutation: You regenerate a little health from kills. [demonic ancestry]
   799 | D:2      | Reached XP level 3. HP: 27/27 MP: 3/3
  1119 | D:2      | Reached skill level 1 in Armour
  1196 | D:2      | Found a blossoming altar of Fedhas.
  1598 | D:3      | Gained mutation: You regenerate health from kills. [demonic ancestry]
  1598 | D:3      | Reached XP level 4. HP: 33/34 MP: 4/4
  2008 | D:3      | Noticed Grinder
  2032 | D:4      | HP: 1/34 [worker ant (3)]
  2033 | D:4      | Slain by a worker ant

Skill      XL: |  1  2  3 |
---------------+----------+-----
Dodging        | 3 |  3.3
Long Blades    | 3 |  3.5
Armour         | 1 |  1.3
Fighting       | |  2.4
Throwing       | |  1.9
Stealth        | |  0.2

Action                   |  1- 3 |  4- 6 || total
-------------------------+-------+-------++-------
Melee: Long sword        |   108 |    48 ||   156
Throw: Throwing net      |       |     1 ||     1
  Use: Potion            |       |     2 ||     2
 Stab: Held in net/web   |       |     1 ||     1
  Eat: Chunk             |     2 |     2 ||     4
Armor: Leather armour    |    14 |       ||    14
       Ring mail         |    16 |    19 ||    35
Dodge: Dodged            |    78 |    43 ||   121
       Rpst.: Long sword |    22 |    15 ||    37
